 Dungeon Crawl Stone Soup version 0.16-a0-4024-g0ecf4ac (webtiles) character file.

793 timbw the Chopper (level 7, -9/53 HPs)
             Began as a Vampire Fighter on Feb 18, 2015.
             Was a Believer of Makhleb.
             Mangled by an ogre
             ... wielding a +0 giant club
              (13 damage)
             ... on level 6 of the Dungeon.
             The game lasted 00:07:10 (1729 turns).

timbw the Chopper (Vampire Fighter)                 Turns: 1729, Time: 00:07:11

Health: -9/53      AC: 13    Str: 16    XL:     7   Next: 57%
Magic:  7/7        EV:  2    Int: 10    God:    Makhleb [**....]
Gold:   229        SH:  8    Dex: 14    Spells: 0 memorised, 6 levels left

rFire  . . .     SeeInvis +     a - +0 war axe
rCold  . . .     Clarity  .     y - +0 plate armour
rNeg   . . .     SustAb   .     c - +0 shield
rPois  +         Gourm    .     p - +0 helmet
rElec  .         Spirit   .     (no cloak)
rCorr  .         Warding  .     (no gloves)
rMut   .         Stasis   .     w - +0 pair of boots
MR     .....                    (no amulet)
Stlth  ..........               n - ring of stealth
                                g - ring of poison resistance

@: regenerating quickly, not resistant to hostile enchantments, extremely
unstealthy
A: bottle blood, fangs 3, see invisible, unbreathing
a: Minor Destruction, Renounce Religion


You were on level 6 of the Dungeon.
You worshipped Makhleb.
Makhleb was pleased with you.
You were very full.

You visited 1 branch of the dungeon, and saw 6 of its levels.

You collected 229 gold pieces.

Inventory:

Hand weapons
 a - a +0 war axe (weapon)
 f - a +0 battleaxe
Armour
 b - a +0 scale mail
 c - a +0 shield (worn)
 p - a +0 helmet (worn)
 s - a +0 chain mail
 w - a +0 pair of boots (worn)
 y - a +0 plate armour (worn)
Jewellery
 g - a ring of poison resistance (left hand)
 n - a ring of stealth (right hand)
Magical devices
 u - a wand of flame (21)
 v - a wand of paralysis (0)
Scrolls
 e - a scroll of enchant armour {unknown}
 j - 2 scrolls of amnesia {unknown}
 k - a scroll of remove curse {unknown}
 m - 2 scrolls of immolation {unknown}
 o - a scroll of recharging {unknown}
 t - a scroll of teleportation {unknown}
 z - a scroll of noise {unknown}
Potions
 d - a potion of blood
 h - a potion of resistance
 i - a potion of ambrosia
 l - a potion of curing
 q - a potion of agility
 r - a potion of magic {unknown}
 x - a potion of restore abilities {unknown}


   Skills:
 + Level 3.7 Fighting
 * Level 7.5 Axes
 - Level 2.4 Armour
 - Level 2.6 Shields


You had 6 spell levels left.
You didn't know any spells.

Dungeon Overview and Level Annotations

Branches:
Dungeon (6/15)             Temple (0/1) D:5

Altars:
Makhleb
Qazlal
Ru
Vehumet


Innate Abilities, Weirdness & Mutations

Your natural rate of healing is unusually fast.
You can bottle blood from corpses.
You have razor-sharp teeth.
You have supernaturally acute eyesight.
You can survive without breathing.


Message History

* * * LOW HITPOINT WARNING * * *
Your plate armour prevents you from hitting the ogre.
The ogre is heavily wounded.
The ogre hits you with a giant club.
* * * LOW HITPOINT WARNING * * *
Unknown command.
Evoke which item? (* to show all) (? for menu, Esc to quit)
Zapping:
v - a wand of paralysis {zapped: 4} (will waste charges)
Press: ? - help, Shift-Dir - straight line, f/p - ogre
Aim: an ogre, wielding a giant club (heavily wounded, chance 46%)
The ogre resists with some effort.
Evoking this partially-identified wand wasted a few charges.
Evoke which item? (* to show all) (? for menu, Esc to quit)
Zapping:
v - a wand of paralysis {zapped: 7} (will waste charges)
Press: ? - help, Shift-Dir - straight line, f/p - ogre
Aim: an ogre, wielding a giant club (heavily wounded, chance 46%)
The ogre resists with some effort.
Evoking this partially-identified wand wasted a few charges.
The ogre hits you with a giant club!
You die...

.......# #........ #
........##
......#.####...#
#........#
#.##...........#
#...)....#
..##.##M#####..# .
#........#.#.## #.#
.###.......#.#.##.##.#####
.............#.##........#
.#......##.###.#####.###.#
#......'.......@OM..#
#...)..##.###...#####
##......##...........
.....(..######...####
#.......# #...# #....(..#
#...# .....(..# ##..#
..#..#### #..# #.#..# #..#


You could see an ogre and a mummy.

Vanquished Creatures
  Grinder (D:3)
  An orc warrior (D:6)
  A centaur (D:6)
  A giant frog (D:6)
  A scorpion (D:4)
  2 hounds (D:4)
  A giant frog skeleton (D:6)
  An orc priest (D:3)
  An orc wizard (D:4)
  A hound skeleton (D:6)
  3 gnolls
  5 adders
  A worm (D:4)
  A giant gecko (D:3)
  13 orcs
  A ball python (D:4)
  6 bats
  3 giant cockroaches
  6 goblins
  6 hobgoblins
  10 jackals
  3 quokkas
  3 giant newts
  3 kobolds
  8 rats
83 creatures vanquished.

Notes
Turn   | Place    | Note
--------------------------------------------------------------
     0 | D:1      | timbw, the Vampire Fighter, began the quest for the Orb.
     0 | D:1      | Reached XP level 1. HP: 17/17 MP: 1/1
    74 | D:2      | Reached XP level 2. HP: 23/23 MP: 2/2
   316 | D:2      | Reached skill level 3 in Axes
   379 | D:3      | Reached XP level 3. HP: 26/28 MP: 3/3
   432 | D:3      | Found a burning altar of Makhleb.
   432 | D:3      | Found a stormy altar of Qazlal.
   444 | D:3      | Became a worshipper of Makhleb the Destroyer
   467 | D:3      | Noticed Grinder
   474 | D:3      | Killed Grinder
   474 | D:3      | Reached skill level 5 in Axes
   474 | D:3      | Reached XP level 4. HP: 10/34 MP: 4/4
   474 | D:3      | Reached XP level 5. HP: 11/39 MP: 5/5
   803 | D:3      | Reached XP level 6. HP: 20/46 MP: 6/6
   911 | D:2      | Reached skill level 6 in Axes
  1110 | D:4      | Acquired Makhleb's first power
  1150 | D:4      | Found a sacrificial altar of Ru.
  1202 | D:5      | Entered Level 5 of the Dungeon
  1285 | D:4      | Acquired Makhleb's second power
  1288 | D:4      | Found a radiant altar of Vehumet.
  1395 | D:5      | Found a staircase to the Ecumenical Temple.
  1544 | D:6      | Reached XP level 7. HP: 52/52 MP: 7/7
  1554 | D:6      | Reached skill level 7 in Axes
  1729 | D:6      | Mangled by an ogre

Action                   |  1- 3 |  4- 6 |  7- 9 || total
-------------------------+-------+-------+-------++-------
Melee: War axe           |    67 |   134 |    45 ||   246
Invok: Minor Destruction |       |       |     1 ||     1
Evoke: Wand              |       |       |     4 ||     4
  Use: Potion            |     1 |       |       ||     1
       Scroll            |       |     4 |       ||     4
 Stab: Paralysed         |       |     1 |     8 ||     9
  Eat: Corpse            |     8 |     9 |     1 ||    18
